 Dungeon Crawl Stone Soup version 0.28-a0-1613-gdaab1c2f9b (webtiles) character file.

Game seed: 17457980577914778958

1353 lessens the Grappler (level 8, -2/39 HPs)
             Began as a Vine Stalker Warper on Jan 21, 2022.
             Slain by a hornet (9 damage)
             ... on level 6 of the Dungeon.
             The game lasted 00:09:23 (5376 turns).

lessens the Grappler (Vine Stalker Warper)          Turns: 5376, Time: 00:09:23

Health: -2/39      AC:  7    Str: 17    XL:     8   Next: 63%
Magic:  0/12       EV: 11    Int: 13    God:
Gold:   207        SH:  0    Dex: 13    Spells: 11/11 levels left

rFire   + + .      SeeInvis .     - Unarmed
rCold   . . .      Faith    .   (no shield)
rNeg    . . .      Spirit   +   B - +2 leather armour {rF+}
rPois   .          Reflect  .   v - +2 hat
rElec   .          Harm     .   (no cloak)
rCorr   .          Rampage  .   (no gloves)
Will    +....                   (no boots)
Stlth   +.........              (no amulet)
HPRegen 0.93/turn               j - ring of protection from fire
MPRegen 0.13/turn               (no ring)

@: lethally poisoned (-2 -> -3), slowed, very slow
A: fangs 3, regeneration 1, magic shield, antimagic bite, no potion heal 2
a: no special abilities


You were on level 6 of the Dungeon.
You visited 1 branch of the dungeon, and saw 6 of its levels.
You also visited: Sewer.

You collected 249 gold pieces.
You spent 42 gold pieces at shops.

Inventory:

Missiles
 c - 5 boomerangs of dispersal
 f - 3 javelins (quivered)
 h - 225 stones
 u - 5 poisoned darts
Armour
 a - a +0 leather armour
 v - a +2 hat (worn)
 B - a +2 leather armour of fire resistance (worn)
Jewellery
 j - a ring of protection from fire (left hand)
 l - a ring of wizardry
 D - a ring of protection from cold
Wands
 w - a wand of polymorph (5)
Scrolls
 b - 2 scrolls of blinking
 e - a scroll of magic mapping {unknown}
 g - 4 scrolls of identify {unknown}
 p - a scroll of enchant weapon {unknown}
 q - 2 scrolls of teleportation
 r - a scroll of immolation {unknown}
 s - 4 scrolls of brand weapon {unknown}
 t - a scroll of silence {unknown}
 x - a scroll of fear {unknown}
 y - a scroll of noise {unknown}
 C - a scroll of fog {unknown}
Potions
 d - a potion of invisibility {unknown}
 i - 2 potions of magic {unknown}
 k - 3 potions of haste {unknown}
 m - 5 potions of lignification {unknown}
 n - 2 potions of curing {unknown}
 o - a potion of attraction {unknown}
 z - a potion of might {unknown}
 A - a potion of degeneration {unknown}


   Skills:
 + Level 2.3 Fighting
 - Level 0.8 Throwing
 - Level 0.7 Armour
 - Level 1.5 Dodging
 * Level 10.3 Unarmed Combat
 - Level 2.1 Spellcasting
 - Level 3.0 Translocations


You had 11 spell levels left.
You didn't know any spells.
Your spell library contained the following spells:

 Spells                   Type           Power      Damage    Failure   Level
 Apportation              Tloc           18%        N/A       9%          1
 Blink                    Tloc           18%        N/A       13%         2
 Gell's Gravitas          Tloc           9%         N/A       26%         3
 Lesser Beckoning         Tloc           9%         N/A       26%         3
 Teleport Other           Tloc           9%         N/A       26%         3
 Animate Skeleton         Necr           2%         N/A       30%         1
 Slow                     Hex            4%         N/A       30%         1
 Summon Small Mammal      Summ           4%         N/A       30%         1
 Confusing Touch          Hex            1%         N/A       65%         3
 Ignite Poison            Fire/Tmut/Pois 1%         N/A       65%         3
 Mephitic Cloud           Conj/Pois/Air  1%         N/A       65%         3
 Vampiric Draining        Necr           1%         2d6       65%         3
 Manifold Assault         Tloc           9%         N/A       94%         5
 Freezing Cloud           Conj/Ice/Air   0%         6-21      100%        5


Dungeon Overview and Level Annotations

Branches:
Dungeon (6/15)              Sewer (visited)
 Temple: D:4-7

Altars:
Elyvilon
Nemelex Xobeh
Zin

Shops:
D:5 ?


Innate Abilities, Weirdness & Mutations

You have razor-sharp teeth.
Your natural rate of healing is unusually fast.
When hurt, damage is shared between your health and your magic reserves.
Your bite disrupts and absorbs the magic of your enemies.
Potions cannot restore your health.


Message History

A phantom and a hornet come into view.
There are monsters nearby!
There are monsters nearby!
Aiming: Polymorph
Press: ? - help, Shift-Dir - straight line, f - hornet
Aim: a hornet (will become an acid dragon, a tengu, or a golden eye, chance to affect: 39%)
The hornet resists with some effort.
Aiming: Polymorph
Press: ? - help, Shift-Dir - straight line, f/p - hornet
Aim: a hornet (will become an acid dragon, a tengu, or a golden eye, chance to affect: 39%)
The hornet resists with some effort.
The hornet barely misses you.
Aiming: Polymorph
Press: ? - help, Shift-Dir - straight line, f/p - hornet
Aim: a hornet (will become an acid dragon, a tengu, or a golden eye, chance to affect: 39%)
The hornet resists with some effort.
The hornet stings you!
You suddenly lose the ability to move!
The hornet stings you.
You feel yourself slow down. The hornet stings you.
You are poisoned.
You feel as though you will be slow longer.
You feel very sick. The hornet stings you!
You feel as though you will be slow longer.
You can move again.
Unknown command.
Unknown command.
Aiming: Polymorph
Press: ? - help, Shift-Dir - straight line, f/p - hornet
Aim: a hornet (will become an acid dragon, a tengu, or a golden eye, chance to affect: 39%)
The hornet resists with some effort.
You feel very sick. The hornet barely misses you.
The hornet closely misses you. The hornet stings you!
* * * LOW HITPOINT WARNING * * *
You shrug off the repeated paralysis!
Aiming: Polymorph
Press: ? - help, Shift-Dir - straight line, f/p - hornet
Aim: a hornet (will become an acid dragon, a tengu, or a golden eye, chance to affect: 39%)
The hornet resists with some effort.
You feel sick. The hornet closely misses you. The hornet stings you!
You die...

#####.#.#.# #..)#.#
#########.# ........#.#+###
#######.#.....# #.#.....#
#.#.....# ##+####
#######.#.....#######.......
..............'.@yW.........
...####.#.....#######.......
................# .......
##..###.#.#####.# .......
..# #.#.# #.# .W..... .#
#.#.# #.# y...... # #.#.#
#.# ....... #.#.# #.#
####### #.#


You could see a hornet and a phantom.

Vanquished Creatures
  Eustachio (D:5)
  Sigmund (D:5)
  Edmund (D:4)
  An ice beast (D:5)
  An ogre (D:4)
  A centaur (D:5)
  A bullfrog zombie (D:5)
  A hound (D:4)
  A bullfrog skeleton (D:6)
  3 iguanas
  3 orc wizards (D:5)
  A hound skeleton (D:5)
  12 gnolls (D:5)
  2 river rats (Sewer)
  8 adders
  2 ufetubi
  An adder zombie (D:5)
  2 worms
  10 dart slugs
  3 orcs (D:5)
  10 ball pythons
  3 bats
  6 endoplasms
  7 giant cockroaches
  23 goblins
  37 hobgoblins
  4 jackals (D:2)
  4 quokkas
  12 frilled lizards
  7 kobolds
  6 rats
175 creatures vanquished.

Vanquished Creatures (others)
  A plant (D:1)
1 creature vanquished.

Grand Total: 176 creatures vanquished

Notes
Turn   | Place    | Note
-------+----------+-------------------------------------------
     0 | D:1      | lessens the Vine Stalker Warper began the quest for the
                  | Orb.
     0 | D:1      | Reached XP level 1. HP: 11/11 MP: 4/4
   195 | D:1      | Reached XP level 2. HP: 10/15 MP: 6/6
   450 | D:1      | Reached skill level 3 in Unarmed Combat
   648 | D:1      | Reached XP level 3. HP: 18/18 MP: 7/7
  1444 | D:2      | Reached skill level 4 in Unarmed Combat
  1748 | D:2      | Found a faded altar of an unknown god.
  1997 | D:3      | Gained mutation: Your natural rate of healing is unusually
                  | fast. [Vine Stalker growth]
  1997 | D:3      | Reached XP level 4. HP: 23/23 MP: 8/8
  2032 | D:3      | Found a glowing drain.
  2055 | Sewer    | Entered a sewer
  2200 | Sewer    | Reached skill level 5 in Unarmed Combat
  2200 | Sewer    | Reached XP level 5. HP: 20/26 MP: 6/9
  2672 | D:3      | Found a glowing silver altar of Zin.
  2884 | D:4      | Noticed an ogre
  2892 | D:4      | Killed an ogre
  2893 | D:4      | Reached skill level 6 in Unarmed Combat
  2893 | D:4      | Reached XP level 6. HP: 12/30 MP: 3/10
  3448 | D:5      | Entered Level 5 of the Dungeon
  3518 | D:5      | Noticed Eustachio
  3544 | D:5      | Killed Eustachio
  3545 | D:5      | Reached skill level 7 in Unarmed Combat
  3545 | D:5      | Reached XP level 7. HP: 19/34 MP: 9/11
  3611 | D:5      | Noticed Edmund
  3709 | D:4      | Killed Edmund
  3710 | D:4      | Reached skill level 8 in Unarmed Combat
  3765 | D:5      | Found a white marble altar of Elyvilon.
  3893 | D:5      | Found Hanac's Magic Scroll Shoppe.
  3896 | D:5      | Noticed Sigmund
  3975 | D:5      | Bought a scroll of teleportation for 42 gold pieces
  4145 | D:5      | Found a sparkling altar of Nemelex Xobeh.
  4330 | D:5      | Reached skill level 9 in Unarmed Combat
  4330 | D:5      | Gained mutation: You have razor-sharp teeth. [Vine Stalker
                  | growth]
  4330 | D:5      | Reached XP level 8. HP: 27/38 MP: 7/12
  4523 | D:5      | Killed Sigmund
  4663 | D:5      | Reached skill level 10 in Unarmed Combat
  5365 | D:6      | Noticed a hornet
  5372 | D:6      | Paralysed by a hornet for 3 turns
  5376 | D:6      | Slain by a hornet

Illustrated notes

Levels and vault maps discovered:
D:1:      heliophobic_arrival_ceremonial_halls, layout_rooms,
          serial_bayou_pond_b, nrook_campfire
D:2:      layout_rooms, hellmonk_ecumenical_altar_inner_sanctum,
          kennysheep_generic_room_6
D:3:      layout_rooms, mainiacjoe_overflow_alcove_1, gup_sewer_entry_pipe,
          serial_bayou_pond_e, dk_noncrumbling_2
D:4:      kennysheep_slugbush, layout_basic
D:5:      minmay_goblin_kobold_castle, layout_gridville,
          nemelex_spade_bored_becter, elyvilon_altar_1, serial_shops, shop,
          uniq_eustachio, uniq_edmund, uniq_sigmund
D:6:      layout_basic, mainiacjoe_overflow_surrounded_room

Skill      XL: |  1  2  3  4  5  6  7  8 |
---------------+-------------------------+-----
Unarmed Combat | 3 4 5 6 7 9 10 | 10.3
Fighting       | 2 |  2.3
Throwing       | |  0.8
Armour         | |  0.7
Dodging        | |  1.5
Spellcasting   | |  2.1
Translocations | |  3.0

Action                   |  1- 3 |  4- 6 |  7- 9 || total
-------------------------+-------+-------+-------++-------
Melee: Unarmed           |   129 |   172 |   236 ||   537
       Bite              |    28 |    40 |    54 ||   122
       Punch             |     4 |     6 |    13 ||    23
Throw: Javelin           |       |     3 |     3 ||     6
       Dart              |       |     2 |     2 ||     4
Evoke: Wand              |       |       |     5 ||     5
Armor: Leather armour    |    23 |    32 |    73 ||   128
Dodge: Dodged            |    66 |   100 |   155 ||   321

Table legend: (Time is in decaauts)
 A = Elapsed time spent in this place.
 B = Non-inter-level travel time spent in this place.
 C = Inter-level travel time spent in this place.
 D = Time resting spent in this place.
 E = Time spent auto-exploring this place.
 F = Levels seen in this place.
 G = Mean time per level.
                   A        B        C        D        E       F      G
               +--------+--------+--------+--------+--------+-----+--------+
         Total |   5395 |   5221 |    174 |    110 |   3643 |   7 |  770.7 |
       Dungeon |   5018 |   4844 |    174 |     94 |   3470 |   6 |  836.3 |
         Sewer |    376 |    376 |      0 |     16 |    173 |   1 |  376.0 |
               +--------+--------+--------+--------+--------+-----+--------+

Top non-repeatable levels by time:
     D:5: 1579 daAuts
     D:1: 1118 daAuts
     D:2: 773 daAuts
     D:4: 714 daAuts
     D:3: 653 daAuts
   Sewer: 376 daAuts
     D:6: 179 daAuts
